 Dungeon Crawl Stone Soup version 0.31.0-11-ge490571c62 (webtiles) character file.

Game seed: 2844704400090020297

29 qw the Shooter (level 3, 0/20 HPs)
             Began as a Deep Elf Hunter on Feb 4, 2024.
             Succumbed to their own poison gas
             ... on level 1 of the Dungeon.
             The game lasted 00:00:02 (629 turns).

qw the Shooter (Deep Elf Hunter)                     Turns: 629, Time: 00:00:02

Health: 0/20       AC:  3    Str: 10    XL:     3   Next: 1%
Magic:  5/5        EV: 12    Int: 13    God:
Gold:   65         SH:  0    Dex: 18    Spells: 2/2 levels left

rFire   . . .        a - +0 shortbow
rCold   . . .        (shield currently unavailable)
rNeg    . . .        c - +0 leather armour
rPois   .            (no helmet)
rElec   .            (no cloak)
rCorr   .            (no gloves)
SInv    .            (no boots)
Will    .....        (no amulet)
Stlth   ++           (no ring)
HPRegen 0.23/turn    (no ring)
MPRegen 0.09/turn

%: no passive effects
@: lethally poisoned (0 -> -3)
A: no striking features
a: no special abilities


You were on level 1 of the Dungeon.
You visited 1 branch of the dungeon, and saw 1 of its levels.

You collected 65 gold pieces.


   Skills:
 - Level 1.5 Fighting
 + Level 6.6 Ranged Weapons
 - Level 2.4 Dodging
 - Level 1.2 Stealth


You had 2 spell levels left.
You didn't know any spells.
Your spell library was empty.

Inventory:

Hand Weapons
 a - a +0 shortbow (weapon)
Armour
 c - a +0 leather armour (worn)
Potions
 g - a potion of heal wounds
 h - a potion of degeneration {unknown}
 i - a potion of attraction {unknown}

Dungeon Overview and Level Annotations

Branches:
Dungeon (1/15)

Altars:

Shops:
D:1 (


Message History

It is a scroll of identify.
619 ||| IDENTIFYING fuming clear potion;
g - a potion of heal wounds Done exploring.
620 ||| READING scroll labelled QASOSEYCIL.
The air fills with toxic fumes!
As you read the scroll labelled QASOSEYCIL, it crumbles to dust.
It was a scroll of poison.
Done exploring.
621 ||| READING scroll labelled ECYUBL SOUQO.
As you read the scroll labelled ECYUBL SOUQO, it crumbles to dust.
You feel momentarily disoriented.
It was a scroll of revelation.
Done exploring.
622 ||| DROPPING scroll of butterflies.
You drop a scroll of butterflies.
Done exploring.
What level of the Dungeon? (default 1, ? - help) Sorry, I don't know how to get there.
Enter note:
Enter note:
Enter note:
Enter note:
Enter note:
Enter note:
Enter note:
Enter note:
Enter note: You are engulfed in poison gas.
You are poisoned.
You feel very sick.
624 ||| Stepping ~*~*~tactically~*~*~ (cloud).
You feel very sick.
You see here a scroll of butterflies.
There is a lethal amount of poison in your body!
You feel sick.
There is a lethal amount of poison in your body!
You feel sick.
There is a lethal amount of poison in your body!
You feel sick.
There is a lethal amount of poison in your body!
You feel sick.
There is a lethal amount of poison in your body!
You die...

...#.......######.######### #.
..##...............#.....### #.
.###.......######.##.....'.# #.
.# #.......######.##<.8..#.# #.
.# #.......######.##.....+.# #.
.# ####.##.######0##.....#.# #.
.######.##.######0########.# #.
........##0#####00¤00¤¤....# #.
..#####..¤0¤¤¤0¤@¤¤¤00¤....# #.
....###.##¤#####00¤######.## #.
................¤0#######.# #.
....###.##.######0#######(# #.
..### #..........0#######.# #.
..# ####.##############.######.
##########.##############........
....%......######################
############


There were no monsters in sight!

Vanquished Creatures
  3 endoplasms (D:1)
  3 giant cockroaches (D:1)
  2 goblins (D:1)
  A hobgoblin (D:1)
  4 jackals (D:1)
  3 kobolds (D:1)
  A quokka (D:1)
  2 ball pythons (D:1)
  A bat (D:1)
  3 frilled lizards (D:1)
  2 rats (D:1)
25 creatures vanquished.

Notes
Turn   | Place    | Note
-------+----------+-------------------------------------------
     0 | D:1      | qw the Deep Elf Hunter began the quest for the Orb.
     0 | D:1      | Reached XP level 1. HP: 12/12 MP: 3/3
     0 | D:1      | 0 ||| qw: Version: 0.3-a-160-g6735b56
     0 | D:1      | 0 ||| qw: Game counter: 5103
     0 | D:1      | 0 ||| qw: Melee chars always use a shield: true
     0 | D:1      | 0 ||| qw: God list: Okawaru
     0 | D:1      | 0 ||| qw: Allow faded altars: false
     0 | D:1      | 0 ||| qw: Do Orc after clearing Dungeon:15 true
     0 | D:1      | 0 ||| qw: Do second Lair branch before Depths: true
     0 | D:1      | 0 ||| qw: Lair rune preference: random
     0 | D:1      | 0 ||| qw: Goals: Normal
     0 | D:1      | 0 ||| PLANNING D:1-11
   121 | D:1      | Reached skill level 6 in Ranged Weapons
   121 | D:1      | Reached XP level 2. HP: 16/16 MP: 4/4
   513 | D:1      | Found Oluusew's Antique Weapon Emporium.
   521 | D:1      | 521 ||| SHOPLISTING glowing sling (112 gold, have 65).
   561 | D:1      | Reached XP level 3. HP: 20/20 MP: 5/5
   618 | D:1      | 618 ||| READING scroll labelled ZOKKUO MUFEO.
   619 | D:1      | 619 ||| READING scroll labelled FAMUPL JO EQU.
   619 | D:1      | 619 ||| IDENTIFYING fuming clear potion
   620 | D:1      | 620 ||| READING scroll labelled QASOSEYCIL.
   621 | D:1      | 621 ||| READING scroll labelled ECYUBL SOUQO.
   622 | D:1      | 622 ||| DROPPING scroll of butterflies.
   624 | D:1      | 624 ||| Stepping ~*~*~tactically~*~*~ (cloud).
   625 | D:1      | HP: 4/20 [poisoned by you (poison gas)]
   628 | D:1      | HP: 1/20 [poisoned by you (poison gas)]
   629 | D:1      | Succumbed to their own poison gas

Levels and vault maps discovered:
D:1:      minmay_arrival_solitary_statue, layout_loops_ring, serial_shops, shop,
          st_stairs_13

Skill      XL: |  1 |
---------------+----+-----
Ranged Weapons | 6 |  6.6
Fighting       | |  1.5
Dodging        | |  2.4
Stealth        | |  1.2

Action                     || total
---------------------------++-------
   Fire: Shortbow          ||    69
    Use: Scroll            ||     4
 Armour: Leather armour    ||    11
  Dodge: Dodged            ||    20

Table legend:
 A = Non-vault XP
 B = Vault XP
 C = Vault XP percentage of total XP
 D = Non-vault monster count
 E = Vault monster count
 F = Vault count percentage of total count
                 A         B        C        D         E       F
            +---------+---------+-------+---------+---------+-------
      Total |      40 |       2 |   4.8 |      24 |       1 |   4.0
            +---------+---------+-------+---------+---------+-------
        D:1 |      40 |       2 |   4.8 |      24 |       1 |   4.0
            +---------+---------+-------+---------+---------+-------
